 Dungeon Crawl Stone Soup version 0.20.0-8-g6b59dc7 (webtiles) character file.

19609 Rrauwl the Severer (level 12, 0/106 HPs)
             Began as a Minotaur Wanderer on May 31, 2017.
             Was a High Priest of Hepliaklqana.
             Engulfed by a cloud of freezing vapour (13 damage)
             ... in an ice cave.
             The game lasted 00:55:51 (11377 turns).

Rrauwl the Severer (Minotaur Wanderer)             Turns: 11377, Time: 00:55:51

Health: 0/106      AC: 12    Str: 19    XL:     12   Next: 38%
Magic:  23/23      EV: 15    Int:  9    God:    Hepliaklqana [*****.]
Gold:   821        SH:  5    Dex: 15    Spells: 7/11 levels left

rFire    + . .     SeeInvis .   a - +2 battleaxe (venom)
rCold    . . .     Gourm    .   (shield currently unavailable)
rNeg     . . .     Faith    .   L - +0 troll leather armour
rPois    +         Spirit   .   y - +1 hat
rElec    .         Reflect  +   H - +1 cloak {rPois}
rCorr    .         Harm     .   (no gloves)
MR       .....                  I - +0 pair of boots
Stlth    +.........             w - +5 amulet of reflection (curse)
Regen    0.7/turn               J - ring of magical power
MPRegen  0.2/turn               p - ring of protection from fire

@: no status effects
A: retaliatory headbutt, reduced essence, horns 2, thin metallic scales 1, agile
1, poison resistance, robust 1
a: Recall Ancestor, Ancestor Identity, Transference, Idealise, Renounce Religion


You were in an ice cave.
You worshipped Hepliaklqana.
Hepliaklqana was extremely pleased with you.
You were not hungry.

You visited 3 branches of the dungeon, and saw 14 of its levels.
You also visited: Labyrinth, Sewer and Ice Cave.

You collected 821 gold pieces.

Inventory:

Hand Weapons
 a - a +2 battleaxe of venom (weapon)
 b - a +0 hunting sling
 c - the +6 flail "Boots" {elec, *Rage +Rage rElec Str+5}
   (You found it on level 6 of the Dungeon)

   Occasionally, upon striking a foe, it will discharge some electrical energy
   and cause terrible harm.
   It affects your strength (+5).
   It insulates you from electricity.
   It lets you go berserk.
   It may make you go berserk in combat.
Missiles
 j - 126 sling bullets
 k - 250 stones (quivered)
Armour
 u - the +0 fire dragon scales of the Tired Scars {rF++ rC- SInv Stlth+}
   (You found it in a labyrinth)

   It greatly protects you from fire.
   It makes you vulnerable to cold.
   It lets you see invisible.
   It makes you more stealthy.
 y - a +1 hat (worn)
 H - a +1 cloak of poison resistance (worn)
 I - a +0 pair of boots (worn)
 L - a +0 troll leather armour (worn)
Jewellery
 p - a ring of protection from fire (right hand)
 w - a cursed +5 amulet of reflection (around neck)
 J - a ring of magical power (left hand)
Wands
 h - a wand of paralysis (22/24)
 q - a wand of confusion (23/48)
 r - a wand of confusion (17/48)
 F - a wand of disintegration (17/24)
 K - a wand of digging (12/24)
 M - a wand of confusion (10/48)
 N - a wand of clouds (3/9)
Scrolls
 d - a scroll of magic mapping
 e - 5 scrolls of teleportation
 g - 3 scrolls of fear
 m - a scroll of identify
 n - 3 scrolls of amnesia
 o - 8 scrolls of enchant weapon
 s - 2 scrolls of remove curse
 C - 3 scrolls of recharging
Potions
 v - 3 potions of flight
 x - a potion of might
 z - a potion of haste
 D - 6 potions of curing
 G - a potion of ambrosia
Books
 t - a book of Party Tricks

   Spells                             Type                      Level
   a - Summon Butterflies             Summoning                    1
   b - Apportation                    Translocation                1
   c - Lesser Beckoning               Translocation                3
   d - Tukima's Dance                 Hexes                        3
   e - Alistair's Intoxication        Transmutation/Poison         5
   f - Invisibility                   Hexes                        6
Miscellaneous
 l - a fan of gales
Comestibles
 f - 11 bread rations
 A - 2 fruits
 B - a royal jelly


   Skills:
 + Level 10.1 Fighting
 + Level 17.8 Axes
 - Level 8.0 Armour
 - Level 5.0 Dodging
   Level 5.0 Shields
 - Level 5.0 Invocations
 + Level 3.9 Evocations


You had 7 spell levels left.
You knew the following spells:

 Your Spells              Type           Power        Failure   Level  Hunger
a - Apportation           Tloc           #.....       43%         1    ##.....
b - Swiftness             Chrm/Air       #.......     56%         2    ###....
c - Summon Butterflies    Summ           #.......     43%         1    ##.....


Dungeon Overview and Level Annotations

Branches:
Dungeon (10/15)            Temple (1/1) D:4            Lair (3/6) D:10
  Swamp (0/4) Lair:2
  Snake: Lair:2-4    Spider: Lair:2-4       Orc: D:9-12

Altars:
Ashenzari
Cheibriados
Dithmenos
Elyvilon
Fedhas
Gozag
Hepliaklqana
Kikubaaqudgha
Makhleb
Nemelex Xobeh
Okawaru
Qazlal
Ru
Sif Muna
Trog
Uskayaw
Vehumet
Xom
Yredelemnul
Zin
The Shining One

Shops:
D:9 [


Innate Abilities, Weirdness & Mutations

You reflexively headbutt those who attack you in melee.
You have a pair of horns on your head.
Your life essence is reduced. (-10% HP)
You are partially covered in thin metallic scales. (AC +2)
You are agile. (Dex +2)
Your system is resistant to poisons. (rPois)
You are robust. (+10% HP)


Message History

You hit the ice statue but do no damage.
You headbutt the ice statue!
The ice statue is severely damaged.
You closely miss the ice beast. You hit the ice beast.
The ice beast is poisoned.
You closely miss the ice beast.
You are engulfed in freezing vapours.
* * * LOW HITPOINT WARNING * * *
The ice beast hits you but does no damage. x2
Evoke which item? (* to show all) (? for menu, Esc to quit)
Okay, then.
Okay, then.
Okay, then.
Press: ? - help, v - describe, . - travel The floor.
Unknown command.
You slice the ice statue!!
You destroy the ice statue!
The ice beast disappears in a puff of smoke! x3
You are engulfed in freezing vapours.
You die...

## #§ #.#
#§§#..####
#§..§..##
#§@§..#
##.##.##
######.#
##.###§§#
#....#§§#
##....§.##
##..###...#
##..##
##.##
#...#######


There were no monsters in sight!

Vanquished Creatures
  Gastronok (Lair:2)
  A minotaur (Lab)
  A hydra (Lair:1)
  The ghost of Chiseanne the Fighter, a journeyman DsWn of Gozag (D:10)
  Pikel (D:6)
  A manticore (D:10)
  2 black mambas (Lair:1)
  An ice statue (IceCv)
  4 spiny frogs
  2 komodo dragons
  A minotaur zombie (Lab)
  A troll (D:10)
  A minotaur skeleton (Lab)
  A polar bear (IceCv)
  A tyrant leech (Lair:2)
  6 hippogriffs
  Sigmund (D:5)
  A redback (Lab)
  A wyvern (D:10)
  5 basilisks
  5 yaks (Lair:1)
  2 hungry ghosts (Lab)
  3 water moccasins
  A sky beast (D:9)
  A black bear (Lair:2)
  4 porcupines
  6 orc warriors
  3 slaves (D:6)
  8 ice beasts (Lair:3)
  2 phantoms
  2 centaurs
  2 wolves (IceCv)
  2 crocodiles (Lair:1)
  2 big kobolds
  10 bullfrogs
  A wyvern skeleton (D:8)
  2 scorpions
  A water moccasin skeleton (D:6)
  9 killer bees
  A spriggan skeleton (Lab)
  An electric eel (Lair:1)
  3 howler monkeys (D:9)
  6 crimson imps
  A centaur zombie (D:5)
  2 hounds (D:10)
  A jelly (D:7)
  9 orc priests
  A bullfrog skeleton (D:7)
  6 iguanas
  Crazy Yiuf (D:4)
  Ijyb (D:4)
  12 orc wizards
  10 worker ants
  A hound zombie (D:9)
  A worker ant zombie (D:6)
  4 gnolls (D:9)
  2 adders
  3 river rats
  4 shadow imps
  An ooze (D:2)
  2 adder zombies
  2 adder skeletons
  2 worms
  A dart slug (D:3)
  7 leopard geckos
  38 orcs
  3 ball pythons
  7 bats
  A giant cockroach (D:1)
  10 hobgoblins
  6 jackals
  20 kobolds
  5 quokkas
  6 frilled lizards
  7 goblins
  2 leopard gecko zombies
  A quokka zombie (D:1)
  12 rats
  A butterfly (D:7)
  13 fungi
  11 plants
328 creatures vanquished.

Vanquished Creatures (collateral kills)
  An ugly thing (D:9)
  A troll (D:9)
  2 spriggans
  A shadow (D:9)
  A yak (Lair:1)
  2 ice beasts
  A slave (D:6)
  A black bear (D:10)
  2 wolves (IceCv)
  3 bullfrogs
  4 killer bees
  An electric eel (Lair:1)
  An orc wizard (D:9)
  An orc priest (D:6)
  A centaur skeleton (D:9)
  3 adders
  An adder skeleton (D:8)
  A worm (D:4)
  A giant cockroach (D:5)
  A kobold (Sewer)
  A rat (D:5)
31 creatures vanquished.

Vanquished Creatures (others)
  3 hexers
  3 ancestors
  3 fungi
9 creatures vanquished.

Grand Total: 368 creatures vanquished

Notes
Turn   | Place    | Note
-------+----------+-------------------------------------------
     0 | D:1      | Rrauwl the Minotaur Wanderer began the quest for the Orb.
     0 | D:1      | Rrauwl set off with: a +2 hand axe, a +0 shortbow, 29 arrows, a +0 buckler, a +0 robe, a bread ration
     0 | D:1      | Reached XP level 1. HP: 18/18 MP: 0/0
   267 | D:1      | Reached XP level 2. HP: 20/25 MP: 1/1
   815 | D:1      | Reached skill level 7 in Axes
   828 | D:2      | Reached XP level 3. HP: 24/30 MP: 2/2
  1505 | D:3      | Reached XP level 4. HP: 37/37 MP: 3/3
  1527 | D:3      | Learned a level 1 spell: Apportation
  1911 | D:4      | Noticed Ijyb
  1927 | D:4      | Killed Ijyb
  1927 | D:4      | Reached skill level 8 in Axes
  2158 | D:4      | Found a staircase to the Ecumenical Temple.
  2159 | D:4      | Noticed a phantom
  2167 | D:4      | Reached XP level 5. HP: 35/42 MP: 4/4
  2185 | D:4      | Reached skill level 9 in Axes
  2219 | D:4      | Killed a phantom
  2219 | D:4      | Reached XP level 6. HP: 30/50 MP: 5/5
  2245 | Temple   | Entered the Ecumenical Temple
  2339 | Temple   | Became a worshipper of Hepliaklqana the Forgotten
  2534 | D:4      | Reached skill level 10 in Axes
  2731 | D:4      | Learned a level 2 spell: Swiftness
  2962 | D:4      | Found a burning altar of Makhleb.
  3073 | D:4      | Found a runed door.
  3077 | D:4      | Noticed Crazy Yiuf
  3084 | D:4      | Killed Crazy Yiuf
  3140 | D:5      | Entered Level 5 of the Dungeon
  3142 | D:5      | Noticed an orc warrior
  3159 | D:5      | Killed an orc warrior
  3159 | D:5      | Reached XP level 7. HP: 50/50 MP: 6/6
  3248 | D:5      | Noticed Sigmund
  3255 | D:5      | Reached skill level 11 in Axes
  3262 | D:5      | Killed Sigmund
  3270 | D:5      | Reached skill level 12 in Axes
  3563 | D:5      | Reached XP level 8. HP: 53/55 MP: 7/7
  3655 | D:5      | Found a glowing drain.
  3663 | Sewer    | Entered a sewer
  3703 | Sewer    | Reached * piety under Hepliaklqana
  3753 | Sewer    | Found a glowing silver altar of Zin.
  4009 | D:5      | Reached skill level 13 in Axes
  4506 | D:6      | Reached skill level 14 in Axes
  4781 | D:6      | Got a twisted flail
  4782 | D:6      | Identified the +6 flail "Boots" {elec, *Rage +Rage rElec Str+5} (You found it on level 6 of the Dungeon)
  4874 | D:6      | Noticed Pikel
  4892 | D:6      | HP: 1/55 [slave[Pikel] (7)]
  4905 | D:6      | Killed Pikel
  4905 | D:6      | Reached skill level 15 in Axes
  4905 | D:6      | Reached XP level 9. HP: 56/61 MP: 8/8
  5105 | D:7      | Reached ** piety under Hepliaklqana
  5106 | D:7      | Remembered your ancestor Rick as a hexer
  5165 | D:7      | Found a glowing golden altar of the Shining One.
  5667 | D:7      | Reached skill level 16 in Axes
  6104 | D:8      | Reached skill level 1 in Dodging
  6198 | D:8      | Gained mutation: Your system is resistant to poisons. (rPois) [potion of mutation]
  6198 | D:8      | Gained mutation: You are robust. (+10% HP) [potion of mutation]
  6323 | D:8      | Found an opulent altar of Gozag.
  6719 | D:8      | Found a hide-covered altar of Uskayaw.
  6725 | D:8      | Reached XP level 10. HP: 72/77 MP: 9/9
  6876 | D:9      | Reached *** piety under Hepliaklqana
  6877 | D:9      | Found a snail-covered altar of Cheibriados.
  6879 | D:9      | Found a radiant altar of Vehumet.
  6927 | D:9      | Found a bloodstained altar of Trog.
  6931 | D:9      | Found a sacrificial altar of Ru.
  7110 | D:9      | Found Uhilois's Armour Boutique.
  7303 | D:9      | Noticed a brown ugly thing
  7316 | D:9      | Killed a brown ugly thing
  7435 | D:9      | Gained mutation: You are agile. (Dex +2) [mutagenic meat]
  7436 | D:9      | Gained mutation: You are partially covered in thin metallic scales. (AC +2) [mutagenic meat]
  7659 | D:9      | Reached skill level 5 in Fighting
  7659 | D:9      | Reached skill level 5 in Shields
  7739 | D:9      | Identified a scroll of acquirement
  7921 | D:10     | Entered Level 10 of the Dungeon
  7995 | D:10     | Reached skill level 5 in Armour
  8009 | D:10     | Found a staircase to the Lair.
  8098 | D:10     | Reached **** piety under Hepliaklqana
  8303 | D:10     | Reached skill level 1 in Invocations
  8408 | D:10     | Noticed a manticore
  8421 | D:10     | Killed a manticore
  8421 | D:10     | Reached skill level 5 in Dodging
  8549 | D:10     | Noticed Chiseanne's ghost (journeyman DsWn)
  8620 | D:10     | Killed Chiseanne's ghost
  8620 | D:10     | Reached XP level 11. HP: 53/91 MP: 11/11
  8980 | Lair:1   | Entered Level 1 of the Lair of Beasts
  9050 | Lair:1   | Noticed a five-headed hydra
  9065 | Lair:1   | Killed a five-headed hydra
  9199 | Lair:1   | Found a labyrinth entrance.
  9208 | Lab      | Entered a labyrinth
  9690 | Lab      | Noticed a minotaur
  9698 | Lab      | Killed a minotaur
  9698 | Lab      | Reached skill level 17 in Axes
  9846 | Lab      | Learned a level 1 spell: Summon Butterflies
  9850 | Lab      | Got a twisted morningstar
  9850 | Lab      | Got polished fire dragon scales
  9851 | Lab      | Identified the +2 morningstar "Siratz" {holy, Str+4} (You found it in a labyrinth)
  9863 | Lab      | Identified the cursed +0 fire dragon scales of the Tired Scars {rF++ rC- SInv Stlth+} (You found it in a labyrinth)
  9989 | Lair:1   | Reached ***** piety under Hepliaklqana
 10113 | Lair:1   | Reached skill level 5 in Invocations
 10270 | Lair:1   | Reached skill level 1 in Evocations
 10399 | Lair:2   | Noticed Gastronok
 10408 | Lair:2   | Killed Gastronok
 10408 | Lair:2   | Reached XP level 12. HP: 104/104 MP: 14/14
 10590 | Lair:2   | Found a staircase to the Swamp.
 11175 | Lair:3   | Found a frozen archway.
 11200 | IceCv    | Entered an ice cave
 11212 | IceCv    | Reached skill level 10 in Fighting
 11377 | IceCv    | Engulfed by a cloud of freezing vapour

Skill      XL: |  1  2  3  4  5  6  7  8  9 10 11 12 |
---------------+-------------------------------------+-----
Axes           | 7 8 9 10 12 15 16 17 | 17.8
Armour         | 2 6 8 |  8.0
Dodging        | 1 5 |  5.0
Fighting       | 3 6 9 10 | 10.1
Shields        | 3 5 |  5.0
Invocations    | 2 5 |  5.0
Evocations     | 2 3 |  3.9

Action                   |  1- 3 |  4- 6 |  7- 9 | 10-12 || total
-------------------------+-------+-------+-------+-------++-------
Melee: Hand axe          |   115 |       |       |       ||   115
       Headbutt          |    14 |    15 |    58 |    89 ||   176
       War axe           |     5 |   113 |   340 |    90 ||   548
       Unarmed           |       |     4 |       |       ||     4
       Flail             |       |       |     1 |     9 ||    10
       Battleaxe         |       |       |       |   337 ||   337
 Fire: Hunting sling     |       |       |     1 |     5 ||     6
Invok: Ancestor Identity |       |     1 |       |       ||     1
       Ancestor Life: He |       |       |     1 |       ||     1
       Recall Ancestor   |       |       |       |     2 ||     2
       Idealise          |       |       |       |     1 ||     1
 Abil: Evoke Berserk Rag |       |       |       |     1 ||     1
  Use: Potion            |       |     6 |    11 |     9 ||    26
       Scroll            |       |     7 |     3 |     9 ||    19
 Stab: Invisible         |       |     1 |       |       ||     1
       Distracted        |       |     1 |     4 |    10 ||    15
       Confused          |       |       |     1 |     2 ||     3
       Sleeping          |       |       |       |     1 ||     1
  Eat: Chunk             |     1 |     5 |    12 |    12 ||    30
       Fruit             |       |     1 |       |    10 ||    11
       Bread ration      |       |       |       |     1 ||     1
Armor: Robe              |     6 |       |       |       ||     6
       Scale mail        |    31 |     3 |       |       ||    34
       Chain mail        |       |    37 |   132 |    21 ||   190
       Skin              |       |    20 |    32 |       ||    52
       Troll leather arm |       |       |       |   109 ||   109
Dodge: Dodged            |    40 |    38 |    61 |   181 ||   320
Block: Buckler           |    15 |    22 |    52 |    15 ||   104
       Other             |       |       |       |    15 ||    15
       Reflection        |       |       |       |     1 ||     1
